 Dungeon Crawl Stone Soup version 0.17-a0-1997-ga88ed7d (webtiles) character file.

126 Maka the Insei (level 4, 0/38 HPs)
             Began as a Draconian Monk on Oct 8, 2015.
             Was a Believer of Okawaru.
             Slain by a goblin
             ... wielding a +0 club
              (5 damage)
             ... on level 3 of the Dungeon.
             The game lasted 00:05:35 (2559 turns).

Maka the Insei (Draconian Monk)                     Turns: 2559, Time: 00:05:36

Health: 0/38       AC:  5    Str: 13    XL:     4   Next: 84%
Magic:  4/4        EV: 13    Int: 11    God:    Okawaru [**....]
Gold:   105        SH:  0    Dex: 16    Spells: 0 memorised, 3 levels left

rFire  . . .     SeeInvis .       - Unarmed
rCold  . . .     Clarity  .     (armour unavailable)
rNeg   . . .     SustAt   .     (no shield)
rPois  .         Gourm    .     (helmet restricted)
rElec  .         Spirit   .     (no cloak)
rCorr  .         Warding  .     (no gloves)
rMut   .         Stasis   .     (no boots)
MR     .....                    (no amulet)
Stlth  ++........               (no ring)
                                j - +2 ring of dexterity

@: lethally poisoned (0 -> -1), about to teleport, slowed, very slow, not
resistant to hostile enchantments, unstealthy
A: unfitting armour, cold-blooded, AC +5
a: Heroism, Renounce Religion


You were on level 3 of the Dungeon.
You worshipped Okawaru.
Okawaru was pleased with you.
You were not hungry.

You visited 1 branch of the dungeon, and saw 3 of its levels.

You collected 105 gold pieces.

Inventory:

Missiles
 g - a throwing net (quivered)
Jewellery
 j - a +2 ring of dexterity (left hand)
Scrolls
 c - a scroll of identify
 f - 2 scrolls of blinking
 m - a scroll of remove curse
Potions
 b - a potion of curing
Comestibles
 a - 2 bread rations
 h - 3 fruits
 i - a meat ration


   Skills:
 - Level 3.2 Fighting
 - Level 2.6 Dodging
 - Level 1.7 Stealth
 + Level 6.2 Unarmed Combat


You had 3 spell levels left.
You didn't know any spells.

Dungeon Overview and Level Annotations

Branches:
Dungeon (3/15)

Altars:
Okawaru
Ru
The Shining One

Annotations:
D:3 Robin


Innate Abilities, Weirdness & Mutations

Your plain brown scales are hard (AC +5).
Your body does not fit into most forms of armour.
You are cold-blooded and may be slowed by cold attacks.


Message History

The orc hits you with a vampiric dagger.
The goblin misses you.
The orc hits you with a vampiric dagger.
* * * LOW HITPOINT WARNING * * *
The goblin closely misses you. The orc closely misses you.
The goblin hits you but does no damage.
Cornered, the goblin turns to fight!
Read which item? (? for menu, Esc to quit)
None of your equipped items are cursed.
Read which item? (? for menu, Esc to quit)
As you read the scroll labeled BUSHIMOESY, it crumbles to dust.
You feel strangely unstable.
It was a scroll of teleportation.
You feel sick. The orc hits you.
* * * LOW HITPOINT WARNING * * *
The orc hits you with a vampiric dagger.
* * * LOW HITPOINT WARNING * * *
The goblin shoots a stone.
The stone barely misses you.
The stone hits the orc.
The goblin barely misses you. The orc barely misses you.
The orc completely misses you. The goblin hits you with a club.
You die...

#.####.##.....###......###...#
###.####.#..###..######...#
.... .#...†.)†...#####)#
##.....### .......)#.#####.#.#
##### # ........#..###.g.)###
............##......##
............##...##..######
........#..###...###.o..o.####
.........####.§o@########.wo.#
..........###§§§g.# ####.##
........#..##o#o#.# #...#
.......##.((.§##.# #.....#
..........((.§((.######
#....w.#
###.###.###..(#.......#
#ooo.... #. #.
#.#.....o...........## .
...................o..... .
.K...............g..o....K.


You could see an orc priest, 2 orcs and 2 goblins.

Vanquished Creatures
  2 adders
  3 gnolls
  5 worms (D:2)
  A giant gecko (D:2)
  2 orcs
  4 bats
  3 giant cockroaches
  9 hobgoblins
  A quokka (D:2)
  4 giant newts
  13 goblins
  4 jackals (D:1)
  6 kobolds
  A quokka skeleton (D:3)
  5 rats
63 creatures vanquished.

Notes
Turn   | Place    | Note
--------------------------------------------------------------
     0 | D:1      | Maka the Draconian Monk began the quest for the Orb.
     0 | D:1      | Reached XP level 1. HP: 19/19 MP: 1/1
   101 | D:1      | Reached XP level 2. HP: 26/26 MP: 2/2
   937 | D:1      | Reached skill level 5 in Unarmed Combat
   937 | D:1      | Reached XP level 3. HP: 25/31 MP: 3/3
  1702 | D:2      | Reached XP level 4. HP: 33/38 MP: 4/4
  1773 | D:2      | Found a sacrificial altar of Ru.
  1773 | D:2      | Found a glowing golden altar of the Shining One.
  2077 | D:3      | Found an iron altar of Okawaru.
  2085 | D:3      | Became a worshipper of Warmaster Okawaru
  2085 | D:3      | Acquired Okawaru's first power
  2164 | D:2      | Reached skill level 6 in Unarmed Combat
  2292 | D:3      | Noticed Robin
  2559 | D:3      | Slain by a goblin

Vault maps used:
D:1:      minmay_arrival_arboretum_small
D:2:      gammafunk_temple_overflow_pools, first_bread
D:3:      minmay_goblin_kobold_castle, okawaru_ov_weapons_minmay, uniq_robin,
          uniq_jessica

Action                   |  1- 3 |  4- 6 || total
-------------------------+-------+-------++-------
Melee: Unarmed           |   115 |    73 ||   188
  Use: Scroll            |       |     7 ||     7
       Potion            |       |     1 ||     1
 Stab: Sleeping          |     2 |       ||     2
  Eat: Chunk             |     2 |     3 ||     5
